 Dungeon Crawl Stone Soup version 0.24.0-13-gcf9b319 (webtiles) character file.

Game seed: 15665751605191660293, levelgen mode: deterministic

54 Dabs the Chopper (level 3, 0/31 HPs)
             Began as a Gnoll Wanderer on Jan 17, 2020.
             Slain by Sigmund
             ... wielding a +0 scythe
              (12 damage)
             ... on level 2 of the Dungeon.
             The game lasted 00:02:34 (1565 turns).

Dabs the Chopper (Gnoll Wanderer)                   Turns: 1565, Time: 00:02:35

Health: 0/31       AC:  5    Str: 14    XL:     3   Next: 91%
Magic:  5/5        EV: 10    Int: 13    God:
Gold:   84         SH:  0    Dex: 16    Spells: 4/4 levels left

rFire    . . .     SeeInvis .   a - +2 hand axe
rCold    . . .     Gourm    .   (no shield)
rNeg     . . .     Faith    .   b - +0 ring mail
rPois    .         Spirit   .   (no helmet)
rElec    .         Reflect  .   (no cloak)
rCorr    .         Harm     .   (no gloves)
MR       .....                  (no boots)
Stlth    ++........             (no amulet)
HPRegen  0.10/turn              (no ring)
MPRegen  0.09/turn              (no ring)

@: no status effects
A: distributed training, fangs 1, strong nose
a: no special abilities


You were on level 2 of the Dungeon.
You were not hungry.

You visited 1 branch of the dungeon, and saw 2 of its levels.

You collected 84 gold pieces.

Inventory:

Hand Weapons
 a - a +2 hand axe (weapon)
Missiles
 j - 37 arrows
 k - 9 bolts
Armour
 b - a +0 ring mail (worn)
Jewellery
 o - an uncursed ring of protection from magic {unknown}
 p - an uncursed ring of fire {unknown}
Scrolls
 c - 5 scrolls of teleportation
 e - a scroll of blinking {unknown}
 g - a scroll of fear {unknown}
 i - 2 scrolls of remove curse {unknown}
 m - a scroll of magic mapping {unknown}
Potions
 n - a potion of curing
Comestibles
 d - 5 rations


   Skills:
 + Level 4.6 Fighting
 + Level 1.0 Short Blades
 + Level 1.0 Long Blades
 + Level 4.6 Axes
 + Level 1.0 Maces & Flails
 + Level 1.0 Polearms
 + Level 1.0 Staves
 + Level 1.0 Slings
 + Level 1.0 Bows
 + Level 1.0 Crossbows
 + Level 1.0 Throwing
 + Level 2.6 Armour
 + Level 1.0 Dodging
 + Level 2.4 Stealth
 + Level 1.0 Shields
 + Level 1.0 Unarmed Combat
 + Level 1.0 Spellcasting
 + Level 0.7 Conjurations
 + Level 0.7 Hexes
 + Level 0.7 Charms
 + Level 0.7 Summonings
 + Level 3.8 Necromancy
 + Level 0.7 Translocations
 + Level 0.7 Transmutations
 + Level 2.1 Fire Magic
 + Level 0.7 Ice Magic
 + Level 0.7 Air Magic
 + Level 0.7 Earth Magic
 + Level 0.7 Poison Magic
 + Level 1.0 Invocations
 + Level 2.6 Evocations


You had 4 spell levels left.
You didn't know any spells.
Your spell library was empty.

Dungeon Overview and Level Annotations

Branches:
Dungeon (2/15)

Altars:

Annotations:
D:2 Sigmund


Innate Abilities, Weirdness & Mutations

Your experience applies equally to all skills.
You have very sharp teeth.
Your uncanny sense of smell can sniff out nearby items.


Message History

You hit Sigmund. You bite Sigmund.
Sigmund is severely wounded.
Sigmund gestures at you while chanting. You resist with significant effort.
You hit Sigmund.
Sigmund is severely wounded.
Sigmund closely misses you.
You hit Sigmund.
Sigmund is severely wounded.
Sigmund barely misses you.
You barely miss Sigmund.
Sigmund is severely wounded.
You barely miss Sigmund.
Sigmund is severely wounded.
Sigmund laughs darkly.
Sigmund hits you with a +0 scythe!
You barely miss Sigmund. You bite Sigmund, but do no damage.
Sigmund is severely wounded.
Sigmund hits you with a +0 scythe!
You die...

.#####.#.#########..#####
#....#.#...............
#....#.#..#######.#####
#....#.#..# #÷#
#....#.#..#######†#####
#....#.#.>.............
####.#.#@########.####.
#.#.#.............#.
#.#@#..........#.##.
#...@..........#....
###.#.########.#....
#.#?# #.#.... #.#.#
#.#.... ∆ ...?# ###
#.#.... #...# .....#.##.
#.... #.###.##. ###[.##
#.....##.


You could see Sigmund.

Vanquished Creatures
  An adder (D:2)
  4 leopard geckos
  A ball python (D:2)
  8 bats
  3 giant cockroaches
  2 hobgoblins
  A frilled lizard (D:2)
  5 goblins
  5 kobolds
  11 rats
41 creatures vanquished.

Notes
Turn   | Place    | Note
-------+----------+-------------------------------------------
     0 | D:1      | Dabs the Gnoll Wanderer began the quest for the Orb.
     0 | D:1      | Dabs set off with the following items: a +2 hand axe, a +0
                  | ring mail, a scroll of teleportation, a ration
     0 | D:1      | Reached XP level 1. HP: 20/20 MP: 2/2
   231 | D:1      | Reached XP level 2. HP: 26/26 MP: 3/3
   594 | D:1      | Reached XP level 3. HP: 30/31 MP: 4/4
  1043 | D:2      | Reached skill level 1 in Invocations
  1504 | D:2      | Reached skill level 1 in Short Blades
  1504 | D:2      | Reached skill level 1 in Long Blades
  1504 | D:2      | Reached skill level 1 in Maces & Flails
  1504 | D:2      | Reached skill level 1 in Polearms
  1504 | D:2      | Reached skill level 1 in Staves
  1504 | D:2      | Reached skill level 1 in Slings
  1504 | D:2      | Reached skill level 1 in Bows
  1504 | D:2      | Reached skill level 1 in Crossbows
  1504 | D:2      | Reached skill level 1 in Throwing
  1504 | D:2      | Reached skill level 1 in Dodging
  1504 | D:2      | Reached skill level 1 in Shields
  1504 | D:2      | Reached skill level 1 in Unarmed Combat
  1504 | D:2      | Reached skill level 1 in Spellcasting
  1539 | D:2      | Noticed Sigmund
  1565 | D:2      | Slain by Sigmund

Levels and vault maps discovered:
D:1:      doesnt_arrival_eight_statues, layout_basic
D:2:      layout_basic, uniq_sigmund

Skill      XL: |  1  2  3 |
---------------+----------+-----
Fire Magic     | 2 |  2.1
Invocations    | 1 |  1.0
Short Blades   | 1 |  1.0
Long Blades    | 1 |  1.0
Maces & Flails | 1 |  1.0
Polearms       | 1 |  1.0
Staves         | 1 |  1.0
Slings         | 1 |  1.0
Bows           | 1 |  1.0
Crossbows      | 1 |  1.0
Throwing       | 1 |  1.0
Dodging        | 1 |  1.0
Shields        | 1 |  1.0
Unarmed Combat | 1 |  1.0
Spellcasting   | 1 |  1.0
Fighting       | |  4.6
Axes           | |  4.6
Armour         | |  2.6
Stealth        | |  2.4
Conjurations   | |  0.7
Hexes          | |  0.7
Charms         | |  0.7
Summonings     | |  0.7
Necromancy     | |  3.8
Translocations | |  0.7
Transmutations | |  0.7
Ice Magic      | |  0.7
Air Magic      | |  0.7
Earth Magic    | |  0.7
Poison Magic   | |  0.7
Evocations     | |  2.6

Action                   || total
-------------------------++-------
Melee: Hand axe          ||   116
       Bite              ||     8
  Use: Potion            ||     5
 Stab: Sleeping          ||     3
  Eat: Chunk             ||     2
Armor: Ring mail         ||    41
Dodge: Dodged            ||    67
